Map: Séquenceur EC

Players

zidar - Winner!

  • Race: Zerg Zerg
  • League: Gold
  • Spawn Location: 1:00

korx

  • Race: Protoss Protoss
  • League: Platinum
  • Spawn Location: 7:00

VOD

Have the link to the VOD?

Description

Time

  • Played on: July 7, 2017, 11:25 a.m.
  • Length: 17:43
Show
View Real Time Build Order
Export as new Build Order

zidar Zerg - Winner!

Build Orders: Pool First 

Get SALT Encoding   

  12  0:01  Drone  
  13  0:12  Overlord  
  13  0:17  Drone  
  14  0:30  Drone x2  
  16  0:38  Drone  
  17  0:47  Spawning Pool  
  16  0:50  Drone  
  17  1:19  Hatchery  
  15  1:34  Queen  
  15  1:38  Zergling x2  
  18  1:43  Extractor  
  17  1:56  Zergling x4  
  17  1:59  Overlord  
  19  2:29  Queen  
  21  2:50  Metabolic Boost  
  21  2:59  Roach Warren  
  21  3:00  Drone x6  
  26  3:21  Queen  
  26  3:25  Overlord  
  28  3:33  Extractor  
  27  3:35  Drone x3  
  30  3:58  Drone  
  30  3:59  Drone x5  
  30  4:01  Overlord  
  36  4:25  Roach x6  
  48  4:56  Hatchery  
  48  5:07  Drone x5  
  48  5:10  Overlord  
  48  5:11  Overlord x2  
  52  5:23  Lair  
  52  5:24  Pneumatized Carapace  
  52  5:28  Extractor  
  52  5:31  Extractor  
  50  5:38  Drone x3  
  50  5:39  Drone  
  54  5:43  Roach  
  54  5:44  Roach  
  54  5:46  Roach  
  60  5:51  Ravager x2  
  60  5:52  Ravager x2  
  63  6:26  Queen  
  63  6:29  Drone x8  
  73  6:50  Hydralisk Den  
  73  6:52  Overseer  
  72  7:08  Drone  
  73  7:11  Overlord x5  
  73  7:12  Overlord x2  
  50  7:53  Drone x10  
  50  7:54  Drone x3  
  61  8:29  Roach  
  61  8:30  Roach x3  
  61  8:31  Roach x4  
  74  8:51  Drone x8  
  82  8:58  Overseer  
  82  9:17  Queen  
  82  9:23  Muscular Augments  
  84  9:24  Hydralisk x2  
  84  9:25  Hydralisk x3  
  94  9:32  Drone x2  
  94  9:33  Drone x2  
  98  9:46  Evolution Chamber  
  98  9:47  Evolution Chamber  
  96  9:55  Drone  
  96  9:56  Drone x7  
  104  10:22  Zerg Ground Armor Level 1  
  104  10:23  Zerg Missile Weapons Level 1  
  104  10:26  Drone x4  
  104  10:27  Drone  
  109  10:31  Overlord x4  
  113  10:35  Roach x2  
  113  10:36  Roach  
  114  11:11  Spine Crawler  
  114  11:16  Spore Crawler  
  112  11:20  Spore Crawler  
  111  11:28  Spine Crawler  
  111  11:29  Hydralisk x8  
  111  11:30  Hydralisk x8  
  142  11:45  Drone  
  143  12:12  Hatchery  
  142  12:16  Zerg Ground Armor Level 2  
  142  12:17  Zerg Missile Weapons Level 2  
  142  12:24  Roach x3, Hydralisk x6  
  160  12:32  Glial Reconstitution  
  160  12:34  Infestation Pit  
  159  12:38  Overlord x3  
  159  12:42  Hydralisk  
  161  13:00  Extractor  
  160  13:13  Baneling Nest  
  160  13:14  Hive  
  159  13:25  Spire, Drone x3  
  159  13:26  Drone  
  162  13:42  Overlord x2  
  162  13:48  Hydralisk  
  162  13:49  Hydralisk  
  162  13:50  Hydralisk x6  
  162  13:51  Zergling x18  
  187  14:42  Hydralisk x6  
  193  15:14  Queen  
  193  15:42  Spire  
  192  15:51  Centrifical Hooks  
  137  16:33  Hydralisk  
  137  16:34  Hydralisk x23  
Show
View Real Time Build Order
Export as new Build Order

korx Protoss 

Build Orders:  

Get SALT Encoding   

  12  0:01  Probe (Chrono Boost)  
  13  0:12  Probe (Chrono Boost)  
  14  0:19  Pylon  
  14  0:39  Forge  
  14  0:43  Probe (Chrono Boost)  
  15  0:54  Probe (Chrono Boost)  
  16  1:06  Pylon  
  16  1:17  Photon Cannon  
  15  1:44  Photon Cannon, Pylon  
  16  1:47  Probe (Chrono Boost)  
  16  1:57  Probe (Chrono Boost)  
  16  2:01  Gateway  
  17  2:24  Pylon  
  17  2:34  Photon Cannon  
  17  2:39  Assimilator  
  17  2:47  Probe (Chrono Boost)  
  17  2:51  Cybernetics Core  
  17  2:55  Assimilator  
  17  2:57  Probe (Chrono Boost)  
  18  2:58  Gateway  
  18  2:59  Gateway  
  18  3:02  Pylon  
  18  3:08  Probe (Chrono Boost)  
  19  3:21  Photon Cannon  
  19  3:25  Photon Cannon  
  19  3:33  Probe (Chrono Boost)  
  20  3:43  Warp Gate (Chrono Boost)  
  20  4:07  Twilight Council  
  20  4:13  Pylon  
  20  4:18  Stalker  
  22  4:50  Pylon  
  22  4:52  Pylon  
  22  4:54  Nexus  
  22  5:13  Dark Shrine  
  22  5:15  Photon Cannon  
  22  5:28  Photon Cannon  
  22  5:30  Photon Cannon  
  22  6:01  Photon Cannon  
  22  6:14  Assimilator  
  22  6:22  Probe (Chrono Boost)  
  23  6:30  Dark Templar x3  
  30  6:32  Probe (Chrono Boost)  
  30  6:43  Probe (Chrono Boost)  
  31  6:53  Probe (Chrono Boost)  
  32  7:04  Probe (Chrono Boost)  
  33  7:15  Probe (Chrono Boost)  
  34  7:25  Probe (Chrono Boost)  
  31  8:01  Probe (Chrono Boost), Pylon  
  32  8:07  Protoss Ground Weapons Level 1 (Chrono Boost)  
  32  8:08  Gateway  
  32  8:11  Probe (Chrono Boost)  
  32  8:12  Robotics Facility  
  33  8:13  Pylon  
  33  8:22  Probe (Chrono Boost)  
  34  8:32  Probe (Chrono Boost)  
  35  8:43  Probe (Chrono Boost)  
  34  8:57  Immortal (Chrono Boost)  
  38  9:04  Stalker  
  38  9:05  Stalker x3  
  46  9:13  Photon Cannon  
  46  9:15  Pylon  
  46  9:19  Blink  
  46  9:30  Immortal  
  46  9:32  Probe  
  46  9:35  Assimilator  
  46  9:37  Stalker  
  53  9:38  Stalker x3  
  53  9:39  Assimilator  
  53  9:42  Photon Cannon  
  59  9:45  Photon Cannon  
  59  9:48  Probe  
  59  9:50  Probe  
  61  10:00  Probe  
  61  10:02  Dark Templar  
  64  10:50  Stalker x4  
  64  10:51  Observer  
  72  11:19  Observer  
  73  11:27  Protoss Shields Level 1 (Chrono Boost)  
  73  11:32  Probe  
  74  11:43  Nexus  
  74  11:44  Probe, Stalker x3  
  81  11:47  Stalker  
  81  11:54  Assimilator  
  83  11:56  Probe  
  84  12:03  Pylon  
  84  12:05  Pylon  
  84  12:08  Probe  
  85  12:20  Probe  
  86  12:39  Robotics Bay  
  86  12:44  Pylon  
  86  12:51  Gateway, Pylon  
  86  12:53  Pylon  
  86  12:54  Gateway, Immortal, Stalker x2  
  86  12:55  Pylon, Stalker x2  
  86  12:56  Gateway  
  98  13:27  Protoss Ground Weapons Level 2 (Chrono Boost)  
  98  13:28  Warp Prism  
  100  13:34  Extended Thermal Lance  
  100  13:41  Probe  
  101  13:52  Probe  
  102  13:56  Colossus  
  108  14:35  Probe  
  109  14:54  Dark Templar  
  109  14:55  Dark Templar  
  113  15:06  Dark Templar x2  
  109  15:32  Stalker x4  
  102  16:09  Colossus  
  72  16:12  Stalker  
  72  16:13  Stalker x4  
  72  16:14  Stalker  
  66  16:24  Stalker  
  68  16:38  Stalker  
  68  16:39  Stalker x4  
  78  16:40  Stalker  
  80  16:53  Dark Templar  
  52  17:03  Dark Templar  
  52  17:04  Zealot  
  53  17:12  Zealot x3  
  53  17:13  Zealot  
  37  17:30  Dark Templar x2  
Tags
 
Add a new tag
Caveats
  • Supply blocks, unpowered buildings, or Contaminate may cause inaccurate times.
  • Supply counts are checked every 10 seconds.